 Dungeon Crawl Stone Soup version 0.31.0-32-g396128a36d (webtiles) character file.

Game seed: 690989386024154390

11349 GhostBuster the Mimic (level 11, -15/77 HPs)
             Began as an Octopode Shapeshifter on Apr 5, 2024.
             Was a Priest of Dithmenos.
             Succumbed to a cane toad's poison
             ... on level 8 of the Dungeon.
             The game lasted 00:14:53 (10917 turns).

GhostBuster the Mimic (Octopode Shapeshifter)      Turns: 10917, Time: 00:14:54

Health: -15/77     AC:  1    Str: 13    XL:     11   Next: 76%
Magic:  4/14       EV: 22    Int: 12    God:    Dithmenos [***...]
Gold:   753        SH:  0    Dex: 17    Spells: 10/10 levels left

rFire   . .          .
                       - Unarmed
rCold   + . .        (no shield)
rNeg    . . .        (helmet restricted)
rPois   .            v - amulet of guardian spirit
rElec   .            E - +5 ring of evasion
rCorr   .            C - ring of protection from cold
SInv    .            (no ring)
Will    .....        (no ring)
Stlth   ++++++       (no ring)
HPRegen 0.32/turn    (no ring)
MPRegen 0.14/turn    (no ring)
                     (no ring)

%: guardian spirit
@: lethally poisoned (-15 -> -71), maw-form, slowed, wreathed by umbra, very
slow
A: devouring maw, almost no armour, amphibious, 8 rings, camouflage 1,
gelatinous body 1, (nimble swimmer 1), tentacles
a: Begin Untransformation, Renounce Religion, Shadow Step


You were on level 8 of the Dungeon.
You worshipped Dithmenos.
Dithmenos was most pleased with you.
You were a creature with a mouth for a stomach.
You visited 3 branches of the dungeon, and saw 12 of its levels.

You collected 753 gold pieces.


Innate Abilities, Weirdness & Mutations

You are a creature with a mouth for a stomach.
Your midsection houses a second, enormous mouth.
You cannot wear most types of armour.
You are amphibious.
You can wear up to eight rings at the same time.
Your skin changes colour to match your surroundings (Stealth+).
Your rubbery body absorbs attacks. (AC +1, EV +1)
((You are camouflaged when in or above water. (Stealth+)))
You have tentacles for arms and can constrict up to eight enemies at once.


   Skills:
 + Level 7.9 Fighting
 - Level 7.0 Dodging
 - Level 7.0 Stealth
 - Level 7.0 Unarmed Combat
 - Level 4.0 Invocations
 + Level 4.2 Evocations
 - Level 12.1 Shapeshifting


You had 10 spell levels left.
You didn't know any spells.
Your spell library contained the following spells:

 Spells                   Type           Power      Damage    Failure   Level
 Sandblast                Erth           0%         2d4       32%         1
 Sting                    Conj/Alch      0%         1d3       32%         1
 Cigotuvi's Dreadful Rot  Necr/Alch/Air  0%         N/A       45%         2
 Mercury Vapours          Alch/Air       0%         N/A       45%         2
 Dazzling Flash           Conj/Hex       0%         N/A       69%         3
 Mephitic Cloud           Conj/Alch/Air  0%         N/A       69%         3
 Passwall                 Erth           0%         N/A       69%         3
 Stone Arrow              Conj/Erth      0%         3d7       69%         3
 Brom's Barrelling Bould  Conj/Erth      0%         2d3       97%         4
 Dispel Undead            Necr           0%         3d6       97%         4
 Martyr's Knell           Necr/Summ      0%         N/A       97%         4
 Olgreb's Toxic Radiance  Alch           0%         N/A       97%         4
 Summon Lightning Spire   Summ/Air       0%         N/A       97%         4
 Curse of Agony           Necr           0%         N/A       100%        5
 Lee's Rapid Deconstruct  Erth           0%         3d4*      100%        5
 Silence                  Hex/Air        0%         N/A       100%        5
 Death Channel            Necr           0%         N/A       100%        6
 Animate Armour           Summ/Erth      Unusable   N/A       N/A         4

Inventory:

Missiles
 j - 6 poisoned darts (quivered)
Armour
 u - a +1 buckler
Magical Staves
 d - a staff of cold {!a}
 z - a staff of air {!a}
Jewellery
 k - an amulet of regeneration
 v - an amulet of guardian spirit (around mantle)
 w - an amulet of the acrobat
 C - a ring of protection from cold (right tentacle)
 E - a +5 ring of evasion (left tentacle)
Talismans
 c - a flux talisman
 f - a maw talisman (active)
 G - a beast talisman
Wands
 b - a wand of flame (29)
 i - a wand of iceblast (23)
 s - a wand of paralysis (12)
 t - a wand of acid (15)
 K - a wand of digging (6)
Scrolls
 e - 2 scrolls of fog
 h - 2 scrolls of noise
 o - a scroll of blinking
 y - 2 scrolls of enchant weapon
 A - a scroll of immolation
 B - a scroll of vulnerability
 L - a scroll of amnesia
Potions
 g - 3 potions of haste {@q3}
 l - 2 potions of enlightenment
 m - 5 potions of curing {@q1}
 n - 4 potions of attraction
 p - 2 potions of might
 q - 3 potions of mutation
 D - a potion of brilliance
 F - a potion of ambrosia
 H - a potion of magic
 M - a potion of cancellation

Dungeon Overview and Level Annotations

Branches:
Dungeon (10/15)            Temple (1/1) D:4            Lair (1/5) D:8
    Orc: D:9-12

Altars:
Ashenzari
Cheibriados
Dithmenos
Elyvilon
Fedhas
Gozag
Hepliaklqana
Kikubaaqudgha
Makhleb
Nemelex Xobeh
Okawaru
Qazlal
Ru
Sif Muna
Trog
Uskayaw
Vehumet
Wu Jian
Xom
Yredelemnul
Zin
The Shining One

Annotations:
Lair:1 Sonja

###### ######## #....# ####
#......# ##### #.##.# #...
##......# ###...# #.##.#####.##
#.......# #.....####.##.....#.#
#.......# #.....#....#####....#
#....#######....W....## #....####
#..#.#.........F..#######.##....#
#..###..........................#
#......>...........[........▓.▓..
#.###..........#........#.#.▓.▓▓▓
#.#...#'###....#....#...#.#▓▓...▓
#.#...#.# #....#.#.[#.#.#.#▓.....
#.#...#.# #....'.#.##.###.▓▓.....
#.#.....# #....#.#<...#...▓......


You could see a cane toad.


Message History

The curare-tipped dart hits you.
You are more poisoned.
You have difficulty breathing.
* * * LOW HITPOINT WARNING * * *
You feel yourself slow down.
Unknown command.
Blink to where?
Press: ? - help, Dir - move target
As you read the scroll of blinking, it crumbles to dust.
* * * LOW HITPOINT WARNING * * *
You feel extremely sick.
Sonja throws a curare-tipped dart.
The curare-tipped dart misses you.
Sonja throws a curare-tipped dart.
The curare-tipped dart closely misses you.
Unknown command.
* * * LOW HITPOINT WARNING * * *
You feel extremely sick.
The water moccasin hisses angrily.
Sonja shouts, "Hah!
Missed me again!"
The cane toad stings you.
* * * LOW HITPOINT WARNING * * *
You are more poisoned.
The cane toad poisons you!
Sonja throws a curare-tipped dart.
The curare-tipped dart barely misses you.
The cane toad stings you!
* * * LOW HITPOINT WARNING * * *
You are more poisoned.
The cane toad poisons you!
You climb upwards.
Welcome back to the Dungeon!
You die...

Skill      XL: |  1  2  3  4  5  6  7  8  9 10 11 |
---------------+----------------------------------+-----
Fighting       | 2 3 4 5 6 7 |  7.9
Dodging        | 3 4 6 7 |  7.0
Shapeshifting  | 4 7 12 | 12.1
Invocations    | 3 4 |  4.0
Unarmed Combat | 4 5 6 7 |  7.0
Stealth        | 3 7 |  7.0
Evocations     | 2 4 |  4.2

Action                     |  1- 3 |  4- 6 |  7- 9 | 10-12 || total
---------------------------+-------+-------+-------+-------++-------
  Melee: Unarmed           |    66 |   102 |   247 |   203 ||   618
         Tentacles         |    20 |    20 |    69 |    57 ||   166
         Constrict         |    16 |    26 |    49 |    45 ||   136
         Punch             |     1 |     2 |     3 |    13 ||    19
         Maw               |       |       |       |    98 ||    98
  Throw: Dart              |       |       |     1 |    10 ||    11
  Evoke: Wand              |       |       |     1 |       ||     1
    Use: Potion            |       |       |     1 |     2 ||     3
         Scroll            |       |       |       |    26 ||    26
   Stab: Sleeping          |     9 |     3 |     1 |     7 ||    20
         Distracted        |       |       |       |     3 ||     3
 Armour: Skin              |    18 |    39 |    82 |    65 ||   204
  Dodge: Dodged            |    39 |    61 |   224 |   175 ||   499
   Form: Flux              |       |       |     1 |       ||     1
         Maw               |       |       |       |     1 ||     1

Levels and vault maps discovered:
D:1:      onia_arrival_mini_maze, layout_loops_ring,
          shapermc_ecumenical_altar_gd, serial_park_tiny_2
D:2:      layout_basic
D:3:      layout_loops_ring, trog_antimagical, mainiacjoe_overflow_alcove_1,
          nicolae_wu_jian_wuxing_cycle
D:4:      layout_basic, minmay_temple_entry_steel_oval, uniq_ijyb
D:5:      layout_basic, uniq_menkaure, uniq_blork_the_orc, uniq_duvessa,
          uniq_grinder
D:6:      layout_basic, nicolae_yredelemnul_corpse_copse, kennysheep_little_box,
          lemuel_coloured_pillars_altar, uniq_edmund
D:7:      layout_loops_ring, lemuel_tele_altar, nicolae_water_bricks,
          uniq_maurice
D:8:      minmay_skewed_foursquare, layout_basic, uniq_prince_ribbit1
D:9:      layout_long_grid, mainiacjoe_overflow_brackets,
          chequers_serial_rivers_micro_a, minmay_bent
D:10:     nicolae_cairo_tiling_very_big, layout_small_grid,
          mainiacjoe_overflow_chevrons, minmay_chambers_of_fives
Temple:   nicolae_temple_figure_eight
Lair:1:   layout_gridlike, serial_bayou_shore_b, uniq_sonja, uniq_gastronok

Notes
Turn   | Place    | Note
-------+----------+-------------------------------------------
     0 | D:1      | GhostBuster the Octopode Shapeshifter began the quest for
                  | the Orb.
     0 | D:1      | Reached XP level 1. HP: 13/13 MP: 1/1
   193 | D:1      | Reached skill level 2 in Fighting
   193 | D:1      | Reached XP level 2. HP: 19/19 MP: 2/2
   335 | D:1      | Found a faded altar of an unknown god.
   441 | D:1      | Reached XP level 3. HP: 12/25 MP: 3/3
   578 | D:1      | You fall into a shaft and drop 1 floor!
   604 | D:2      | Reached skill level 3 in Fighting
  1775 | D:3      | Found an ornate altar of the Wu Jian Council.
  1889 | D:3      | Reached XP level 4. HP: 21/33 MP: 4/4
  1962 | D:3      | Found a glowing golden altar of the Shining One.
  2116 | D:3      | Reached skill level 4 in Fighting
  2389 | D:3      | Found a bloodstained altar of Trog.
  2639 | D:4      | Noticed Ijyb
  2643 | D:4      | Paralysed by Ijyb for 2 turns
  2649 | D:4      | Killed Ijyb
  2650 | D:4      | Reached XP level 5. HP: 37/37 MP: 5/5
  2787 | D:4      | Found a staircase to the Ecumenical Temple.
  2811 | Temple   | Entered the Ecumenical Temple
  2907 | Temple   | Became a worshipper of Dithmenos the Shadowed
  3022 | D:4      | Reached skill level 3 in Dodging
  3524 | D:5      | Entered Level 5 of the Dungeon
  3577 | D:5      | Reached skill level 4 in Shapeshifting
  3577 | D:5      | Reached XP level 6. HP: 42/43 MP: 4/6
  3652 | D:5      | Noticed Blork the orc
  3665 | D:5      | Killed Blork the orc
  3666 | D:5      | Reached skill level 4 in Dodging
  3666 | D:5      | Reached skill level 1 in Invocations
  3794 | D:5      | Reached skill level 2 in Invocations
  3804 | D:5      | Reached skill level 3 in Invocations
  3922 | D:5      | Reached XP level 7. HP: 42/48 MP: 7/9
  4006 | D:5      | Noticed Grinder
  4017 | D:5      | Killed Grinder
  4113 | D:5      | Noticed Duvessa
  4114 | D:5      | Noticed Dowan
  4134 | D:5      | Killed Duvessa
  4135 | D:5      | Reached skill level 4 in Unarmed Combat
  4153 | D:5      | Killed Dowan
  4154 | D:5      | Reached skill level 5 in Fighting
  4318 | D:5      | Noticed Menkaure
  4327 | D:5      | Reached * piety under Dithmenos
  4333 | D:5      | Reached XP level 8. HP: 46/55 MP: 7/10
  4337 | D:5      | Reached skill level 5 in Shapeshifting
  4341 | D:5      | Killed Menkaure
  4604 | D:5      | Reached skill level 5 in Unarmed Combat
  4848 | D:6      | Reached skill level 6 in Shapeshifting
  4928 | D:6      | Found a basalt altar of Yredelemnul.
  5009 | D:6      | Noticed Edmund
  5031 | D:6      | Reached skill level 7 in Shapeshifting
  5207 | D:6      | Killed Edmund
  5208 | D:6      | Reached XP level 9. HP: 53/61 MP: 8/11
  5366 | D:6      | Found a burning altar of Makhleb.
  5445 | D:6      | Reached skill level 5 in Dodging
  5589 | D:6      | Reached skill level 6 in Fighting
  5589 | D:6      | Reached skill level 6 in Unarmed Combat
  5850 | D:6      | Reached skill level 6 in Dodging
  6063 | D:6      | Reached skill level 1 in Stealth
  6254 | D:6      | Found a blossoming altar of Fedhas.
  6496 | D:7      | Noticed Maurice
  6516 | D:7      | Something stole a beast talisman
  6517 | D:7      | Reached skill level 1 in Evocations
  6518 | D:7      | Killed Maurice
  6519 | D:7      | Reached skill level 2 in Stealth
  6670 | D:7      | Reached skill level 2 in Evocations
  6701 | D:7      | Reached ** piety under Dithmenos
  6708 | D:7      | Reached skill level 3 in Stealth
  6915 | D:7      | Found a snail-covered altar of Cheibriados.
  7028 | D:7      | Reached XP level 10. HP: 69/69 MP: 12/12
  7236 | D:7      | Identified a potion of experience
  7239 | D:7      | Reached skill level 12 in Shapeshifting
  7239 | D:7      | Reached XP level 11. HP: 74/74 MP: 13/13
  7276 | D:8      | Found a staircase to the Lair.
  7865 | D:8      | Reached skill level 4 in Stealth
  7904 | D:8      | Noticed Prince Ribbit
  8113 | D:8      | Killed Prince Ribbit
  8113 | D:8      | Reached *** piety under Dithmenos
  8114 | D:8      | Reached skill level 3 in Evocations
  8419 | D:9      | Noticed a two-headed ogre
  8424 | D:9      | Noticed a centaur warrior
  8746 | Lair:1   | Entered Level 1 of the Lair of Beasts
  8746 | Lair:1   | Noticed Sonja
  8832 | D:9      | Killed a centaur warrior
  9000 | D:9      | Killed a two-headed ogre
  9001 | D:9      | Reached skill level 7 in Fighting
  9001 | D:9      | Reached skill level 7 in Dodging
  9001 | D:9      | Reached skill level 5 in Stealth
  9001 | D:9      | Reached skill level 7 in Unarmed Combat
  9067 | D:9      | Reached skill level 4 in Invocations
  9091 | D:9      | Found a shimmering blue altar of Sif Muna.
  9452 | D:9      | Reached skill level 6 in Stealth
  9452 | D:9      | Reached skill level 4 in Evocations
  9695 | D:10     | Entered Level 10 of the Dungeon
  9886 | D:10     | Found a shimmering altar of Xom.
  9917 | D:10     | Noticed an entropy weaver
  9918 | D:10     | an entropy weaver changed into a hog
  9945 | D:10     | Reached skill level 7 in Stealth
 10021 | D:10     | Noticed an orc knight
 10039 | D:10     | Killed an orc knight
 10917 | D:8      | Succumbed to a cane toad's poison

Vanquished Creatures
  A centaur warrior (D:9)
  A two-headed ogre (D:9)
  An orc knight (D:10)
  Maurice (D:7)
  A hornet (D:10)
  Prince Ribbit (D:8)
  Grinder (D:5)
  A shadow (D:10)
  2 wyverns (D:10)
  A yak (D:8)
  A hog (shapeshifter) (D:10)
  3 steam dragons
  Menkaure (D:5)
  Edmund (D:6)
  Duvessa (D:5)
  3 water moccasins
  A sky beast (D:7)
  7 orc warriors
  An ice beast (D:8)
  3 ogres
  3 centaurs
  A phantom (D:6)
  A kobold brigand (D:6)
  Blork the orc (D:5)
  3 bullfrogs
  3 gnoll sergeants
  2 scorpions
  A wyvern zombie (D:6)
  2 wights (D:9)
  Dowan (D:5)
  3 killer bees (D:8)
  An electric eel (D:7)
  A howler monkey (D:10)
  2 bullfrog zombies (D:6)
  3 centaur zombies (D:6)
  A hound (D:7)
  A jelly (D:6)
  8 orc priests
  2 sleepcaps
  7 iguanas
  Ijyb (D:4)
  10 orc wizards
  16 gnolls
  5 adders
  2 shadow imps
  A white imp (D:8)
  A howler monkey simulacrum (D:9)
  2 ufetubi (D:7)
  A dart slug (D:3)
  A ribbon worm (D:2)
  41 orcs
  3 endoplasms
  A giant cockroach (D:3)
  7 goblins
  4 hobgoblins
  3 jackals (D:4)
  5 quokkas
  4 ball pythons
  5 bats
  4 frilled lizards
  9 kobolds
  5 rats (D:2)
211 creatures vanquished.

Table legend: (Time is in decaauts)
 A = Elapsed time spent in this place.
 B = Non-inter-level travel time spent in this place.
 C = Inter-level travel time spent in this place.
 D = Time resting spent in this place.
 E = Time spent auto-exploring this place.
 F = Levels seen in this place.
 G = Mean time per level.
                   A        B        C        D        E       F      G
               +--------+--------+--------+--------+--------+-----+--------+
         Total |  10859 |  10500 |    359 |   1632 |   7302 |  12 |  904.9 |
       Dungeon |  10737 |  10401 |    336 |   1632 |   7220 |  10 | 1073.7 |
        Temple |    108 |     87 |     21 |      0 |     82 |   1 |  108.0 |
          Lair |     13 |     12 |      1 |      0 |      0 |   1 |   13.0 |
               +--------+--------+--------+--------+--------+-----+--------+

Top non-repeatable levels by time:
     D:6: 1681 daAuts
     D:8: 1452 daAuts
     D:5: 1219 daAuts
    D:10: 1186 daAuts
     D:9: 967 daAuts
     D:4: 937 daAuts
     D:2: 902 daAuts
     D:7: 823 daAuts
     D:1: 801 daAuts
     D:3: 766 daAuts
  Temple: 108 daAuts
  Lair:1: 13 daAuts

Table legend:
 A = Non-vault XP
 B = Vault XP
 C = Vault XP percentage of total XP
 D = Non-vault monster count
 E = Vault monster count
 F = Vault count percentage of total count
                 A         B        C        D         E       F
            +---------+---------+-------+---------+---------+-------
      Total |    5337 |    6253 |  54.0 |     174 |      37 |  17.5
            +---------+---------+-------+---------+---------+-------
        D:1 |      37 |       0 |   0.0 |      16 |       0 |   0.0
        D:2 |      32 |       0 |   0.0 |      13 |       0 |   0.0
        D:3 |      77 |       4 |   4.9 |      15 |       3 |  16.7
        D:4 |     102 |      35 |  25.5 |      15 |       1 |   6.2
        D:5 |     498 |     745 |  59.9 |      15 |       5 |  25.0
        D:6 |    1546 |     485 |  23.9 |      32 |       7 |  17.9
        D:7 |     613 |     520 |  45.9 |      20 |       1 |   4.8
        D:8 |    1141 |     867 |  43.2 |      31 |       7 |  18.4
        D:9 |     439 |    2293 |  83.9 |      10 |       8 |  44.4
       D:10 |     852 |    1304 |  60.5 |       7 |       5 |  41.7
            +---------+---------+-------+---------+---------+-------
